 Dungeon Crawl Stone Soup version 0.30-a0-222-ge547ba4400 (webtiles) character file.

Game seed: 12273672484274796773

613 tbh1313 the Grappler (level 7, -10/66 HPs)
             Began as a Troll Berserker on Oct 9, 2022.
             Was a Priest of Trog.
             Mangled by an ogre
             ... wielding a +0 giant club
              (24 damage)
             ... on level 5 of the Dungeon.
             The game lasted 00:04:43 (3466 turns).

tbh1313 the Grappler (Troll Berserker)              Turns: 3466, Time: 00:04:44

Health: -10/66     AC:  5    Str: 26    XL:     7   Next: 20%
Magic:  15/15      EV: 10    Int:  5    God:    Trog [***...]
Gold:   367        SH:  0    Dex:  9    Spells: 6/6 levels left

rFire   . . .      SeeInvis .      - Unarmed
rCold   . . .      Faith    .    (no shield)
rNeg    . . .      Spirit   .    a - +1 animal skin
rPois   .          Reflect  .    (helmet restricted)
rElec   .          Harm     .    (no cloak)
rCorr   .          Rampage  .    (gloves unavailable)
Will    .....                    (boots unavailable)
Stlth   +.........               (no amulet)
HPRegen 1.11/turn                d - ring of magical power
MPRegen 0.14/turn                r - +4 ring of slaying

@: no status effects
A: large, unfitting armour, claws 3, regeneration 1, shaggy fur 1, tough skin 1
a: Renounce Religion, Berserk, Trog's Hand


You were on level 5 of the Dungeon.
You worshipped Trog.
Trog was most pleased with you.
You visited 1 branch of the dungeon, and saw 5 of its levels.

You collected 367 gold pieces.

Inventory:

Armour
 a - a +1 animal skin (worn)
Jewellery
 d - a ring of magical power (left claw)
 g - a ring of fire
 r - a +4 ring of slaying (right claw)
Wands
 p - a wand of polymorph (10)
 q - a wand of quicksilver (10)
Scrolls
 b - a scroll of enchant armour
 i - a scroll of enchant weapon
 m - 2 scrolls of teleportation
 s - 2 scrolls of identify
 t - a scroll of noise {unknown}
Potions
 c - 5 potions of curing
 e - 2 potions of degeneration
 f - 2 potions of attraction
 h - 2 potions of haste
 j - 4 potions of might
 k - 2 potions of brilliance
 l - a potion of lignification {unknown}
 n - a potion of heal wounds {unknown}
 o - a potion of flight {unknown}


   Skills:
 - Level 2.4 Fighting
 - Level 2.4 Dodging
 + Level 8.4 Unarmed Combat


You had 6 spell levels left.
You didn't know any spells.
Your spell library was empty.

Dungeon Overview and Level Annotations

Branches:
Dungeon (5/15)
 Temple: D:4-7

Altars:
Cheibriados
Fedhas
Sif Muna

Shops:
D:1 (!:


Innate Abilities, Weirdness & Mutations

You are too large for most types of armour.
You have claws for hands.
Your natural rate of healing is unusually fast.
You are covered in fur. (AC +1)
You have tough skin. (AC +1)


Message History

No target in view!
No target in view!
No target in view!
No target in view!
No target in view!
No target in view!
No target in view!
No target in view!
No target in view!
No target in view!
No target in view!
No target in view!
t - a scroll labelled LEVOLEPR SUTU You now have 367 gold pieces (gained 4).
An ogre comes into view. It is wielding a +0 giant club.
The ogre shouts!
The ogre hits you with a +0 giant club!
You closely miss the ogre. You scratch the ogre.
The ogre is lightly wounded.
The ogre hits you with a +0 giant club!!
You are too injured to fight recklessly!
You are too injured to fight recklessly!
You are too injured to fight recklessly!
You are too injured to fight recklessly!
You are too injured to fight recklessly!
You are too injured to fight recklessly!
You are too injured to fight recklessly!
You are too injured to fight recklessly!
You are too injured to fight recklessly!
You are too injured to fight recklessly!
You scratch the ogre.
The ogre is lightly wounded.
You barely miss the ogre.
The ogre is lightly wounded.
The ogre hits you with a +0 giant club!!
* * * LOW HITPOINT WARNING * * *
The ogre attacks as you move away!
The ogre hits you with a +0 giant club!!
You die...

####....#.#......####..........
#..#.####.....###...........
####.########...............
#..#.######....<#####.....
###....#..##.......##...##..
##......................#####
#......###..####.........# #
##.#....###..####........## #
#..#.....#...@............####
##............O...............
###...#......................#
##.....##..................####
#......##...#...............###
###..##.....#..............###.
#.##.......#.........†.......
#####........................
###.....##..........#....


You could see an ogre.

Levels and vault maps discovered:
D:1:      dpeg_arrival_round_a, layout_basic, serial_forest,
          infiniplex_forest_clump_double, infiniplex_forest_clump_small,
          infiniplex_forest_clump_tiny, infiniplex_forest_lined_2,
          infiniplex_forest_lined_3_way, infiniplex_forest_lined_room_2,
          infiniplex_forest_lined_3, infiniplex_forest_zigzag_1,
          infiniplex_forest_straight_3, infiniplex_forest_lined_2,
          hellmonk_ecumenical_altar_arch_garden, serial_shops, shop,
          nicolae_shop_behind_doors, nicolae_shop_window_shopping
D:2:      layout_basic
D:3:      layout_basic, grunt_temple_overflow_diamond
D:4:      layout_basic, item_on_display_a
D:5:      layout_cave_pools

Notes
Turn   | Place    | Note
-------+----------+-------------------------------------------
     0 | D:1      | tbh1313 the Troll Berserker began the quest for the Orb.
     0 | D:1      | Reached XP level 1. HP: 22/22 MP: 0/0
    36 | D:1      | Found Leiwk's Weapon Shop.
    77 | D:1      | Found a faded altar of an unknown god.
   148 | D:1      | Reached XP level 2. HP: 29/29 MP: 1/1
   190 | D:1      | Found Vuash's Distillery.
   433 | D:1      | Found Beerha Duiwk's Book Boutique.
   770 | D:2      | Reached skill level 4 in Unarmed Combat
   770 | D:2      | Reached XP level 3. HP: 36/36 MP: 2/2
  1020 | D:2      | Reached ** piety under Trog
  1239 | D:2      | Reached XP level 4. HP: 43/43 MP: 3/3
  1246 | D:2      | Reached skill level 5 in Unarmed Combat
  1588 | D:3      | Found a snail-covered altar of Cheibriados.
  2417 | D:3      | Found a shimmering blue altar of Sif Muna.
  2421 | D:3      | Found a blossoming altar of Fedhas.
  2476 | D:4      | Reached XP level 5. HP: 50/50 MP: 4/4
  2642 | D:4      | Noticed an ogre
  2648 | D:4      | Killed an ogre
  2649 | D:4      | Reached skill level 6 in Unarmed Combat
  2667 | D:4      | Reached XP level 6. HP: 59/59 MP: 5/5
  2718 | D:4      | Reached skill level 7 in Unarmed Combat
  3103 | D:5      | Entered Level 5 of the Dungeon
  3208 | D:5      | Reached *** piety under Trog
  3255 | D:5      | Reached skill level 8 in Unarmed Combat
  3255 | D:5      | Reached XP level 7. HP: 66/66 MP: 6/6
  3466 | D:5      | Mangled by an ogre

Table legend: (Time is in decaauts)
 A = Elapsed time spent in this place.
 B = Non-inter-level travel time spent in this place.
 C = Inter-level travel time spent in this place.
 D = Time resting spent in this place.
 E = Time spent auto-exploring this place.
 F = Levels seen in this place.
 G = Mean time per level.
                   A        B        C        D        E       F      G
               +--------+--------+--------+--------+--------+-----+--------+
         Total |   3444 |   3366 |     78 |     15 |   2948 |   5 |  688.8 |
       Dungeon |   3444 |   3366 |     78 |     15 |   2948 |   5 |  688.8 |
               +--------+--------+--------+--------+--------+-----+--------+

Top non-repeatable levels by time:
     D:3: 919 daAuts
     D:2: 792 daAuts
     D:1: 740 daAuts
     D:4: 634 daAuts
     D:5: 358 daAuts

Table legend:
 A = Kills in this place as a percentage of kills in entire the game.
 B = Kills by you in this place as a percentage of kills by you in the entire game.
 C = Kills by friends in this place as a percentage of kills by friends in the entire game.
 D = Other kills in this place as a percentage of other kills in the entire game.
 E = Experience gained in this place as a percentage of experience gained in the entire game.
 F = Experience gained in this place divided by the number of levels of this place that you have seen.
                   A       B       C       D       E      F
               +-------+-------+-------+-------+-------+----------------------
         Total | 100.0 | 100.0 |   N/A |   N/A | 100.0 | 175.2
       Dungeon | 100.0 | 100.0 |   N/A |   N/A | 100.0 | 175.2
               +-------+-------+-------+-------+-------+----------------------

Action                   |  1- 3 |  4- 6 |  7- 9 || total
-------------------------+-------+-------+-------++-------
Melee: Unarmed           |    79 |   100 |    14 ||   193
       Punch             |     4 |     4 |       ||     8
  Use: Scroll            |       |    13 |       ||    13
Armor: Animal skin       |    24 |    28 |     5 ||    57
Dodge: Dodged            |    31 |    38 |     3 ||    72

Vanquished Creatures
  An ogre (D:4)
  3 scorpions
  3 hounds (D:5)
  2 orc priests (D:4)
  An iguana (D:5)
  2 orc wizards (D:4)
  6 adders
  A white imp (D:5)
  An ufetubus (D:4)
  A worm (D:2)
  2 dart slugs (D:2)
  6 orcs (D:4)
  3 ball pythons
  An endoplasm (D:1)
  2 giant cockroaches
  4 goblins
  7 hobgoblins
  3 jackals (D:2)
  7 kobolds
  3 quokkas
  3 bats
  2 frilled lizards
  7 rats
71 creatures vanquished.
